 Dungeon Crawl Stone Soup version 0.26-a0-1060-g086102a3f0 (webtiles) character file.

Game seed: 11534506594587594838

47035 vurker the Arsonist (level 13, 44/108 HPs)
             Began as a Demigod Fire Elementalist on Dec 13, 2020.
             Quit the game on level 6 of the Lair of Beasts.
             The game lasted 00:44:18 (30297 turns).

vurker the Arsonist (Demigod Fire Elementalist)    Turns: 30297, Time: 00:44:19

Health: 44/108     AC: 13    Str: 11    XL:     13   Next: 69%
Magic:  2/33       EV: 12    Int: 27    God:
Gold:   613        SH:  7    Dex: 16    Spells: 23/34 levels left

rFire    . . .     SeeInvis .   G - staff of poison
rCold    . . .     Faith    .   M - +2 buckler
rNeg     . . .     Spirit   .   a - +0 robe
rPois    +         Reflect  .   D - +1 helmet
rElec    .         Harm     .   w - +2 cloak
rCorr    .         Rampage  .   s - +0 pair of gloves
Will     ++...                  r - +0 pair of boots
Stlth    ++........             j - amulet of regeneration
HPRegen  0.68/turn              g - +4 ring of protection
MPRegen  0.23/turn              y - ring of willpower

@: slowed, very slow
A: high mp 1
a: no special abilities


You were on level 6 of the Lair of Beasts.
You visited 2 branches of the dungeon, and saw 17 of its levels.

You collected 1063 gold pieces.
You spent 450 gold pieces at shops.

Inventory:

Armour
 a - a +0 robe (worn)
 r - a +0 pair of boots (worn)
   (You found it on level 2 of the Lair of Beasts)
 s - a +0 pair of gloves (worn)
   (You found it on level 3 of the Dungeon)
 w - a +2 cloak (worn)
   (You found it on level 1 of the Dungeon)
 D - a +1 helmet (worn)
   (You found it on level 7 of the Dungeon)
 M - a +2 buckler (worn)
   (You found it on level 3 of the Lair of Beasts)
Magical Staves
 d - an uncursed staff of earth
   (You found it on level 5 of the Dungeon)
 A - an uncursed staff of cold
   (You found it on level 3 of the Dungeon)
 G - an uncursed staff of poison (weapon)
   (You found it on level 2 of the Lair of Beasts)
Jewellery
 b - an uncursed ring of positive energy
   (You found it on level 5 of the Dungeon)
 g - a +4 ring of protection (left hand)
   (You found it on level 1 of the Dungeon)
 i - an uncursed ring of flight
   (You found it on level 4 of the Dungeon)
 j - an amulet of regeneration (around neck)
   (You found it on level 4 of the Lair of Beasts)
 q - an uncursed ring of ice
   (You found it on level 3 of the Dungeon)
 y - a ring of willpower (right hand)
   (You found it on level 6 of the Dungeon)
 F - an uncursed ring of see invisible
   (You took it off a centaur on level 9 of the Dungeon)
 J - an uncursed ring of resist corrosion
   (You took it off a wight on level 11 of the Dungeon)
Wands
 c - a wand of disintegration (8)
   (You found it on level 10 of the Dungeon)
 v - a wand of digging (17)
   (You took it off Ijyb on level 5 of the Dungeon)
 x - a wand of acid (14)
   (You found it on level 6 of the Dungeon)
 P - a wand of polymorph (5)
   (You found it on level 4 of the Lair of Beasts)
Scrolls
 e - 5 scrolls of remove curse
 f - 2 scrolls of enchant armour
 h - 4 scrolls of amnesia
 k - 5 scrolls of magic mapping
 m - a scroll of immolation
 C - 3 scrolls of enchant weapon
 N - 2 scrolls of fear
Potions
 l - a potion of haste
 n - 7 potions of curing
 o - 4 potions of mutation
 p - 3 potions of flight
 t - 4 potions of heal wounds
 u - 2 potions of lignification
 z - 2 potions of cancellation {unknown}
 B - a potion of resistance {unknown}
 E - 3 potions of brilliance
 H - 4 potions of ambrosia
 I - 3 potions of magic
 K - a potion of experience {unknown}


   Skills:
 + Level 8.6 Fighting
 - Level 1.7 Dodging
 - Level 1.7 Stealth
 - Level 4.0 Shields
 * Level 11.1 Spellcasting
 * Level 11.9 Conjurations
 * Level 12.2 Fire Magic


You had 23 spell levels left.
You knew the following spells:

 Your Spells              Type           Power        Failure   Level
a - Foxfire               Conj/Fire      ####         1%          1
p - Apportation           Tloc           ###...       3%          1
q - Sticky Flame          Conj/Fire      ######..     1%          4
z - Fireball              Conj/Fire      ######....   1%          5

Your spell library contained the following spells:

 Spells                   Type           Power        Failure   Level
 Magic Dart               Conj           ####         1%          1
 Conjure Flame            Conj/Fire      ######..     1%          3
 Dazzling Flash           Conj/Hex       #####.       1%          3
 Inner Flame              Hex/Fire       #####...     1%          3
 Stone Arrow              Conj/Erth      #####.       1%          3
 Ignite Poison            Fire/Tmut/Pois ######..     2%          3
 Mephitic Cloud           Conj/Pois/Air  ######..     2%          3
 Animate Skeleton         Necr           ###...       3%          1
 Beastly Appendage        Tmut           ###...       3%          1
 Corona                   Hex            ###....      3%          1
 Freeze                   Ice            ###.         3%          1
 Sandblast                Erth           ###...       3%          1
 Summon Small Mammal      Summ           ###.         3%          1
 Hailstorm                Conj/Ice       #####...     3%          4
 Blink                    Tloc           N/A          6%          2
 Call Imp                 Summ           ###.....     6%          2
 Ensorcelled Hibernation  Hex/Ice        ###...       6%          2
 Passwall                 Tmut/Erth      ###.....     6%          2
 Poisonous Vapours        Pois/Air       ###...       6%          2
 Slow                     Hex            ###.....     6%          2
 Wereblood                Tmut           ###.....     6%          2
 Confusing Touch          Hex            ###.....     12%         3
 Frozen Ramparts          Ice            ###...       12%         3
 Lesser Beckoning         Tloc           ###.......   12%         3
 Ozocubu's Armour         Ice            ###.....     12%         3
 Spider Form              Tmut/Pois      ###.......   12%         3
 Tukima's Dance           Hex            ###.....     12%         3
 Ice Form                 Ice/Tmut       ###.....     36%         4
 Passage of Golubria      Tloc           N/A          36%         4
 Petrify                  Tmut/Erth      ###.....     36%         4
 Summon Ice Beast         Ice/Summ       ###.....     36%         4
 Blade Hands              Tmut           ###.......   71%         5
 Lee's Rapid Deconstruct  Erth           ###.......   71%         5
 Dispersal                Tloc           ###.......   99%         6


Dungeon Overview and Level Annotations

Branches:
Dungeon (11/15)            Temple (0/1) D:4            Lair (6/6) D:8
 Shoals (0/4) Lair:2       Spider (0/4) Lair:4        Slime (0/5) Lair:5
    Orc (0/2) D:11

Shops:
D:5 *

Annotations:
D:6 2 transporters, MoonlitKnight's ghost, novice HaHu
D:8 suvakkihuora's ghost, novice DsBr
D:11 2 transporters, 3 runed translucent doors, Megustar's ghost, journeyman DEAE
Lair:2 3 runed translucent doors, Juac's ghost, journeyman DrCj
Lair:3 1 runed translucent door, MoonlitKnight's ghost, journeyman MiBe
Lair:5 1 runed translucent door


Innate Abilities, Weirdness & Mutations

You have an increased reservoir of magic. (+10% MP)


Message History

The wyvern hisses angrily.
You hear an angry hiss.
The cane toad burns!
A black mamba comes into view.
Found 17 gold pieces.
As you read the scroll of teleportation, it crumbles to dust.
You feel strangely unstable.
The cane toad burns!
The cane toad misses you. The elephant closely misses you.
You block the elephant's attack.
The cane toad burns!
The cane toad stops burning.
You block the wyvern's attack. The wyvern misses you.
Your surroundings suddenly seem different.
A blink frog comes into view.
A redback comes into view.
Found 25 bolts and 15 poisoned darts.
A blink frog comes into view.
A cane toad and a guardian serpent come into view.
The hornet buzzes angrily.
The blink frog croaks.
A black mamba comes into view.
A wolf spider comes into view.
The blink frog hits you.
A redback comes into view.
The guardian serpent moves out of view.
The cane toad gives a loud, deep croak!
The wolf spider hisses angrily.
You hear a roar!
Found a paperback book, a mace and 48 gold pieces.
Apport: a paperback book Yoink!
You pull the item towards yourself.
You hear a croak.
The blink frog blinks!
Apport: a paperback book Yoink!
You pull the item towards yourself.
You see here a book of Geomancy.
The guardian serpent shouts!
The hornet stings you.
You feel yourself slow down.
You pick up a book of Geomancy and begin reading...
You add the spells Sandblast, Passwall, Stone Arrow, Petrify and Lee's Rapid Deconstruction to your library.
You block the black mamba's attack. The hornet barely misses you.
The guardian serpent coils itself and waves its upper body at you.
The cane toad blinks!
The redback blinks!
The wolf spider blinks!
The wolf spider closely misses you. You block the wolf spider's attack.
The redback bites you! The black mamba barely misses you.
The blink frog blinks!
The cane toad stings you.
* * * LOW HITPOINT WARNING * * *
The hornet barely misses you. The wolf spider barely misses you.
The wolf spider bites you.
* * * LOW HITPOINT WARNING * * *
The redback bites you.
* * * LOW HITPOINT WARNING * * *
The black mamba bites you but does no damage.
You block the cane toad's attack.
Okay, then.

#..# ###### # ##....##
...P # #......# ..... #
##......# .....
###..F.sF#### .....###
#....#@s###.$###......Y
#..(##.#yS#
#...###..... ..F.
.(#..# #....###PY. ..
..##..# #.....#... ...
§S.. #..S.Y... ...#
....# ##.lFP..# .B..
..... ##..Y..# # ...s#
.$.)$.# ##...## .##
##... ##..#


You could see a wolf spider, a guardian serpent, a black mamba, a cane toad, a
blink frog, a hornet and a redback.

Vanquished Creatures
  Rupert (Lair:4)
  Nessos (Lair:4)
  Snorg (Lair:3)
  Erolcha (D:10)
  Harold (D:11)
  5 hydras
  Erica (D:10)
  A two-headed ogre (D:9)
  5 death yaks
  Pikel (D:5)
  8 black mambas
  An elephant (Lair:6)
  A torpor snail (Lair:6)
  2 merfolk sirens (Lair:2)
  19 cane toads
  A rime drake (Lair:2)
  5 komodo dragons
  2 trolls
  A queen bee (Lair:2)
  28 blink frogs
  A water elemental (D:11)
  2 wraiths
  37 yaks
  A basilisk (Lair:2)
  7 wyverns
  15 water moccasins
  8 ice beasts
  3 orc warriors
  A necrophage (D:11)
  3 sky beasts
  A black bear (Lair:5)
  A hornet zombie (D:9)
  A phantom (D:8)
  8 wolves
  9 ogres
  7 centaurs
  A lemure (D:5)
  13 bullfrogs
  A wyvern skeleton (D:6)
  2 scorpions
  32 killer bees
  16 wights
  4 electric eels (D:11)
  2 howler monkeys
  3 bullfrog zombies
  2 quasits
  5 hounds
  A centaur skeleton (D:9)
  7 orc priests
  2 jellies
  2 bullfrog skeletons
  Ijyb (D:5)
  4 iguanas
  13 orc wizards
  6 worker ants
  A hound skeleton (D:5)
  19 gnolls
  6 adders
  2 shadow imps
  3 white imps
  4 ufetubi
  An adder zombie (D:5)
  3 adder skeletons
  7 worms
  A dart slug (D:3)
  8 leopard geckos
  32 orcs
  2 ball pythons (D:3)
  5 bats
  10 giant cockroaches
  7 goblins
  12 hobgoblins
  7 quokkas
  10 frilled lizards
  A jackal skeleton (D:5)
  6 kobolds
  4 leopard gecko skeletons
  A quokka skeleton (D:9)
  10 rats
  12 bushes
482 creatures vanquished.

Vanquished Creatures (collateral kills)
  24 foxfires
24 creatures vanquished.

Vanquished Creatures (others)
  2 bushes
  2133 foxfires
  54 fungi
  82 plants
2271 creatures vanquished.

Grand Total: 2777 creatures vanquished

Notes
Turn   | Place    | Note
-------+----------+-------------------------------------------
     0 | D:1      | vurker the Demigod Fire Elementalist began the quest for
                  | the Orb.
     0 | D:1      | Reached XP level 1. HP: 14/14 MP: 5/5
    32 | D:1      | Reached skill level 1 in Conjurations
   131 | D:1      | Reached XP level 2. HP: 18/22 MP: 1/7
   364 | D:1      | Reached skill level 3 in Fire Magic
  1252 | D:2      | Reached XP level 3. HP: 27/27 MP: 5/8
  1569 | D:2      | Found a hide-covered altar of Uskayaw.
  1693 | D:2      | Reached skill level 1 in Fighting
  2095 | D:2      | Reached XP level 4. HP: 16/35 MP: 5/10
  2834 | D:2      | Found a blossoming altar of Fedhas.
  3647 | D:3      | Reached XP level 5. HP: 31/40 MP: 0/12
  3804 | D:3      | Reached skill level 4 in Fire Magic
  4494 | D:4      | Reached XP level 6. HP: 48/48 MP: 8/13
  4499 | D:4      | Learned a level 4 spell: Sticky Flame
  4505 | D:4      | Learned a level 5 spell: Fireball
  5049 | D:4      | Found a staircase to the Ecumenical Temple.
  5677 | D:5      | Entered Level 5 of the Dungeon
  5781 | D:5      | Reached XP level 7. HP: 55/55 MP: 10/16
  5972 | D:5      | Reached skill level 5 in Fire Magic
  6474 | D:5      | Noticed Ijyb
  6478 | D:5      | Killed Ijyb
  6810 | D:5      | Noticed Pikel
  6853 | D:5      | Killed Pikel
  6854 | D:5      | Reached skill level 5 in Spellcasting
  6854 | D:5      | Reached skill level 5 in Conjurations
  6854 | D:5      | Reached skill level 6 in Fire Magic
  6854 | D:5      | Reached XP level 8. HP: 55/63 MP: 3/19
  7167 | D:5      | Found Tyqeung's Assorted Antiques.
  7506 | D:6      | Found a transporter.
  8110 | D:6      | Reached XP level 9. HP: 63/71 MP: 2/21
  8333 | D:6      | Noticed MoonlitKnight's ghost (novice HaHu)
  8335 | D:6      | Found a transporter.
  8783 | D:7      | Reached skill level 7 in Fire Magic
  9796 | D:7      | Got a jewelled leather armour
  9982 | D:7      | Identified the +1 leather armour "Ugheesyewi" {+Inv rC-
                  | Int+2 Stlth+} (You found it on level 7 of the Dungeon)
 11104 | D:8      | Found a radiant altar of Vehumet.
 11488 | D:8      | Found a staircase to the Lair.
 12141 | D:9      | Reached skill level 5 in Fighting
 12141 | D:9      | Reached skill level 8 in Fire Magic
 12141 | D:9      | Reached XP level 10. HP: 81/81 MP: 14/24
 12250 | D:9      | Noticed a two-headed ogre
 12261 | D:9      | Killed a two-headed ogre
 13097 | D:5      | Bought a rare book for 450 gold pieces
 13204 | D:10     | Entered Level 10 of the Dungeon
 13941 | D:10     | Noticed Erolcha
 13955 | D:10     | Killed Erolcha
 14258 | D:10     | Noticed Erica
 14269 | D:10     | Killed Erica
 14270 | D:10     | Reached skill level 9 in Fire Magic
 15378 | D:11     | Found a transporter.
 15378 | D:11     | Noticed an ogre mage
 15508 | D:11     | Reached XP level 11. HP: 87/89 MP: 17/27
 15924 | D:11     | Found a staircase to the Orcish Mines.
 16128 | D:11     | Found a runed translucent gate.
 16128 | D:11     | Found a runed translucent gate.
 16128 | D:11     | Found a runed translucent gate.
 16241 | D:11     | Noticed an orc high priest
 16257 | D:11     | Noticed an ettin
 16321 | D:11     | Found a roughly hewn altar of Beogh.
 16321 | D:11     | Found a transporter.
 16598 | D:11     | Noticed Megustar's ghost (journeyman DEAE)
 16599 | D:11     | Identified the +10 whip of the New World {chaos, rPois rC+
                  | Will-}
 16673 | D:11     | Noticed Harold
 16684 | D:11     | Killed Harold
 17114 | D:11     | Noticed a four-headed hydra
 17127 | D:11     | Killed a four-headed hydra
 17581 | D:8      | Learned a level 1 spell: Apportation
 17582 | Lair:1   | Entered Level 1 of the Lair of Beasts
 18426 | Lair:1   | Reached skill level 10 in Fire Magic
 18685 | Lair:1   | Found a runed translucent door.
 18685 | Lair:1   | Noticed suvakkihuora's ghost (novice DsBr)
 19656 | Lair:1   | Reached skill level 10 in Conjurations
 20043 | Lair:1   | Reached XP level 12. HP: 100/100 MP: 15/30
 22504 | Lair:2   | Found a runed translucent gate.
 22504 | Lair:2   | Found a runed translucent gate.
 22506 | Lair:2   | Found a runed translucent gate.
 22508 | Lair:2   | Noticed Juac's ghost (journeyman DrCj)
 23241 | Lair:2   | Reached skill level 10 in Spellcasting
 23241 | Lair:2   | Reached skill level 11 in Fire Magic
 24540 | Lair:2   | Found a staircase to the Shoals.
 24991 | Lair:3   | Noticed a six-headed hydra
 24997 | Lair:3   | Killed a six-headed hydra
 25095 | Lair:3   | Found a runed translucent door.
 25095 | Lair:3   | Identified the +5 spear "Merez" {venom, *Rage +Rage rElec
                  | SInv}
 25102 | Lair:3   | Noticed MoonlitKnight's ghost (journeyman MiBe)
 25162 | Lair:3   | Got a slimy broad axe
 25163 | Lair:3   | Identified the +9 broad axe "Sozoxtum" {vorpal, Will-
                  | Int+5} (You found it on level 3 of the Lair of Beasts)
 25267 | Lair:3   | Noticed Snorg
 25270 | Lair:3   | Noticed a six-headed hydra
 25271 | Lair:3   | Killed Snorg
 25703 | Lair:3   | Noticed an eight-headed hydra
 25723 | Lair:3   | Killed an eight-headed hydra
 26183 | Lair:4   | Noticed Rupert
 26189 | Lair:4   | Killed Rupert
 26190 | Lair:4   | Reached skill level 1 in Shields
 26190 | Lair:4   | Reached XP level 13. HP: 107/107 MP: 2/32
 26529 | Lair:4   | Found a hole to the Spider Nest.
 26553 | Lair:4   | Noticed Nessos
 26564 | Lair:4   | Killed Nessos
 28507 | Lair:5   | Found a viscous altar of Jiyva.
 28508 | Lair:5   | Found a staircase to the Slime Pits.
 28539 | Lair:5   | Reached skill level 12 in Fire Magic
 29397 | Lair:5   | Found a runed translucent door.
 29677 | Lair:6   | Entered Level 6 of the Lair of Beasts
 30297 | Lair:6   | Quit the game

Illustrated notes

Levels and vault maps discovered:
D:1:      tarquinn_simple_flora_water_e, layout_basic, minivault_23
D:2:      layout_loops_ring, old_standard_altar, fedhas_altar_4
D:3:      layout_rooms, hangedman_feature_mirror, minivault_19
D:4:      layout_gridville, temple_green
D:5:      layout_loops_corners, serial_shops, shop_statue, uniq_pikel, uniq_ijyb
D:6:      layout_basic, gammafunk_ghost_mausoleum
D:7:      layout_loops_ring
D:8:      layout_basic, lair_entry_dummy, basic_altar
D:9:      layout_irregular_city
D:10:     layout_basic, uniq_erolcha, uniq_erica
D:11:     gammafunk_beogh_shrine, layout_basic, orc_0_dummy, serial_rivers,
          chequers_serial_rivers_micro_c, chequers_serial_rivers_large_b,
          chequers_serial_rivers_micro_e, chequers_serial_rivers_marsh,
          chequers_serial_rivers_room_b, chequers_serial_rivers_micro_a,
          gammafunk_ghost_nasty_kobolds, minmay_hedge_maze, uniq_harold
Lair:1:   layout_roguey, ebering_ghost_inner_flame, beast_lair_carwin_4
Lair:2:   layout_hall_layers, elwin_shoals_entry_rooms,
          ebering_ghost_rock_garden, special_room [special_room_bee],
          st_stairs_10, grunt_megastairs_3, infiniplex_staircase_pool_2,
          serial_bayou_shore_b
Lair:3:   layout_long_grid, ebering_ghost_funeral_grove, uniq_snorg
Lair:4:   layout_long_grid, dummy_spider_entry, beast_lair_carwin_10,
          uniq_rupert, uniq_nessos
Lair:5:   gammafunk_mikee_crab_dinner, layout_loops_ring,
          dpeg_slime_entry_enclosed_altar
Lair:6:   hangedman_lair_tendril_chambers, layout_concentric_octagons, wormcave,
          gammafunk_ghost_hydra_chop, uniq_sonja, uniq_urug

Skill      XL: |  1  2  3  4  5  6  7  8  9 10 11 12 13 |
---------------+----------------------------------------+-----
Conjurations   | 1 2 3 5 6 7 8 10 11 | 11.9
Spellcasting   | 2 3 5 7 8 9 10 11 | 11.1
Fire Magic     | 3 4 6 8 9 10 11 12 | 12.2
Fighting       | 1 2 3 5 7 8 |  8.6
Shields        | 1 4 |  4.0
Dodging        | |  1.7
Stealth        | |  1.7

Action                   |  1- 3 |  4- 6 |  7- 9 | 10-12 | 13-15 || total
-------------------------+-------+-------+-------+-------+-------++-------
Melee: Dagger            |    37 |    64 |    23 |    25 |     1 ||   150
       Staff             |       |       |       |    21 |     3 ||    24
 Cast: Foxfire           |   100 |   206 |   315 |   518 |   185 ||  1324
       Sticky Flame      |       |       |    23 |    93 |    50 ||   166
       Fireball          |       |       |    18 |   118 |    33 ||   169
       Apportation       |       |       |       |       |     2 ||     2
Evoke: Wand              |       |       |     5 |    18 |     5 ||    28
  Use: Scroll            |       |    11 |     4 |    13 |     4 ||    32
       Potion            |       |       |       |     2 |     2 ||     4
 Stab: Sleeping          |       |     1 |     1 |       |       ||     2
Armor: Robe              |    12 |    31 |    31 |   138 |    34 ||   246
Dodge: Dodged            |    37 |    53 |    65 |   286 |    61 ||   502
Block: Buckler           |       |       |       |       |    51 ||    51

Table legend: (Time is in decaauts)
 A = Elapsed time spent in this place.
 B = Non-inter-level travel time spent in this place.
 C = Inter-level travel time spent in this place.
 D = Time resting spent in this place.
 E = Time spent auto-exploring this place.
 F = Levels seen in this place.
 G = Mean time per level.
                   A        B        C        D        E       F      G
               +--------+--------+--------+--------+--------+-----+--------+
         Total |  30407 |  29451 |    956 |   1950 |  23672 |  17 | 1788.6 |
       Dungeon |  18639 |  17998 |    641 |   1305 |  14649 |  11 | 1694.5 |
          Lair |  11767 |  11453 |    314 |    645 |   9023 |   6 | 1961.2 |
               +--------+--------+--------+--------+--------+-----+--------+

Top non-repeatable levels by time:
  Lair:1: 4304 daAuts
     D:8: 2529 daAuts
    D:11: 2256 daAuts
  Lair:2: 2097 daAuts
     D:2: 2037 daAuts
    D:10: 2013 daAuts
  Lair:4: 1751 daAuts
  Lair:5: 1693 daAuts
     D:7: 1640 daAuts
  Lair:3: 1634 daAuts
     D:5: 1629 daAuts
     D:9: 1533 daAuts
     D:6: 1364 daAuts
     D:4: 1325 daAuts
     D:1: 1246 daAuts
